 Dungeon Crawl Stone Soup version 0.24-a0-417-g1cce26a4d2 (webtiles) character file.

Game seed: 13963706816417602619

20120 FROGBOI the Fighter (level 12, -6/100 HPs)
             Began as a Barachi Wizard on June 11, 2019.
             Was an Elder of Kikubaaqudgha.
             Killed by the air
             ... invoked by Gastronok
              (37 damage)
             ... on level 3 of the Lair of Beasts.
             The game lasted 02:19:24 (11025 turns).

FROGBOI the Fighter (Barachi Wizard)               Turns: 11025, Time: 02:19:24

Health: -6/100     AC: 19    Str:  9    XL:     12   Next: 76%
Magic:  13/24      EV: 13    Int: 23    God:    Kikubaaqudgha [****..]
Gold:   316        SH:  0    Dex: 11    Spells: 11/27 levels left

rFire    . . .     SeeInvis .   a - +3 falchion (elec)
rCold    . . .     Gourm    .   (no shield)
rNeg     + . .     Faith    .   o - +4 ring mail {rPois}
rPois    +         Spirit   .   H - +0 helmet
rElec    .         Reflect  .   C - +2 cloak
rCorr    +         Harm     .   t - +0 pair of gloves
MR       .....                  y - +2 pair of boots {run}
Stlth    +.........             (no amulet)
HPRegen  0.26/turn              s - ring of resist corrosion
MPRegen  0.19/turn              K - ring of positive energy

@: no status effects
A: +LOS, swims, slowness 1, strong legs 1
a: Hop, Receive Corpses, Renounce Religion


You were on level 3 of the Lair of Beasts.
You worshipped Kikubaaqudgha.
Kikubaaqudgha was greatly pleased with you.
You were not hungry.

You visited 3 branches of the dungeon, and saw 15 of its levels.

You collected 662 gold pieces.
You spent 346 gold pieces at shops.

Inventory:

Hand Weapons
 a - a +3 falchion of electrocution (weapon)
 G - a +2 scimitar of flaming
Armour
 b - a +1 hat
 j - a +4 scale mail
 o - a +4 ring mail of poison resistance (worn)
 t - a +0 pair of gloves (worn)
 v - a +0 robe
 x - a +1 leather armour of cold resistance
 y - a +2 pair of boots of running (worn)
 C - a +2 cloak (worn)
 H - a +0 helmet (worn)
 L - the +2 pair of gloves of the Well-Known Planets {rElec rPois Str-5 Stlth-}
   (You found it on level 1 of the Lair of Beasts)

   It affects your strength (-5).
   It insulates you from electricity.
   It protects you from poison.
   It makes you less stealthy.
Jewellery
 r - an uncursed ring of flight
 s - a ring of resist corrosion (left hand)
 u - an uncursed ring of ice
 I - an uncursed ring of ice
 K - a ring of positive energy (right hand)
Wands
 m - a wand of enslavement (7)
 w - a wand of flame (17)
 A - a wand of paralysis (15)
 F - a wand of polymorph (7)
Scrolls
 e - 2 scrolls of immolation
 g - 7 scrolls of remove curse
 p - 7 scrolls of teleportation
 z - a scroll of magic mapping
 D - a scroll of enchant weapon
Potions
 c - 4 potions of might
 f - 2 potions of berserk rage
 h - a potion of lignification
 i - 6 potions of curing
 k - 3 potions of heal wounds {unknown}
 l - 4 potions of flight {unknown}
 n - 2 potions of ambrosia
 q - a potion of agility
 B - a potion of degeneration {unknown}
 E - 2 potions of mutation {unknown}
 M - a potion of brilliance {unknown}
 N - a potion of invisibility
Miscellaneous
 J - a lamp of fire
Comestibles
 d - 12 rations {@w1}
 O - 2 chunks of flesh


   Skills:
 + Level 11.0 Fighting
 + Level 9.9 Long Blades
 - Level 7.0 Armour
 - Level 8.0 Dodging
 - Level 1.7 Stealth
 + Level 8.2 Spellcasting
 - Level 4.0 Conjurations
 - Level 4.0 Summonings
 + Level 6.4 Necromancy
 - Level 3.0 Translocations
 - Level 4.0 Air Magic
 + Level 5.3 Earth Magic
 - Level 4.0 Poison Magic


You had 11 spell levels left.
You knew the following spells:

 Your Spells              Type           Power        Failure   Level  Hunger
a - Magic Dart            Conj           ####         3%          1    None
b - Call Imp              Summ           ####....     4%          2    None
c - Blink                 Tloc           N/A          8%          2    None
d - Mephitic Cloud        Conj/Pois/Air  ####....     10%         3    None
e - Animate Skeleton      Necr           N/A          1%          1    None
f - Sublimation of Blood  Necr           #####.....   1%          2    None
g - Borgnjor's Vile Clut  Necr/Erth      #####.....   38%         5    #####..

Your spell library contained the following spells:

 Spells                   Type           Power        Failure   Level  Hunger
 Pain                     Necr           ####         1%          1    None
 Vampiric Draining        Necr           #####.....   3%          3    None
 Searing Ray              Conj           ####..       4%          2    None
 Beastly Appendage        Tmut           #.....       17%         1    None
 Corona                   Hex            #......      17%         1    None
 Conjure Flame            Conj/Fire      ###.....     22%         3    None
 Dazzling Spray           Conj/Hex       ###...       22%         3    None
 Spider Form              Tmut/Pois      ###.......   22%         3    None
 Ensorcelled Hibernation  Hex/Ice        #.....       26%         2    None
 Slow                     Hex            #.......     26%         2    None
 Sticks to Snakes         Tmut           #.......     26%         2    None
 Iskenderun's Mystic Bla  Conj           ####....     30%         4    ###....
 Agony                    Necr           #####...     32%         5    #####..
 Dispel Undead            Necr           #####...     32%         5    #####..
 Force Lance              Conj/Tloc      ####....     36%         4    ###....
 Confuse                  Hex            #.......     45%         3    None
 Tukima's Dance           Hex            #.......     45%         3    None
 Fulminant Prism          Conj/Hex       ###.......   56%         4    ###....
 Excruciating Wounds      Chrm/Necr      ###.......   77%         5    #####..
 Ice Form                 Ice/Tmut       #.......     86%         4    ###....
 Blade Hands              Tmut           #.........   99%         5    #####..
 Simulacrum               Ice/Necr       ###.......   100%        6    ######.


Dungeon Overview and Level Annotations

Branches:
Dungeon (11/15)            Temple (1/1) D:6            Lair (3/6) D:11
    Orc (0/2) D:11
  Swamp: Lair:2-4    Shoals: Lair:2-4     Snake: Lair:2-4    Spider: Lair:2-4

Altars:
Ashenzari
Cheibriados
Dithmenos
Fedhas
Gozag
Hepliaklqana
Kikubaaqudgha
Makhleb
Nemelex Xobeh
Okawaru
Qazlal
Ru
Sif Muna
Trog
Uskayaw
Vehumet
Wu Jian
Xom
Yredelemnul
Zin
The Shining One

Shops:
D:5 [

Annotations:
D:6 Eustachio
D:8 2 transporters, bosakos's ghost, novice GnSk
D:9 exclusion: obsidian statue
D:11 1 runed translucent door
Lair:3 Gastronok


Innate Abilities, Weirdness & Mutations

Shadows flee at your approach. (+LOS)
You can swim through water.
You cover ground slowly.
You can hop short distances.


Message History

Casting: Call Imp (safe; 4% risk of failure)
Confirm with . or Enter, or press ? or * to list all spells.
A beastly little devil appears in a puff of flame.
Gastronok waves his eye-stalks in wide circles.
The air twists around and strikes you! What are your orders? t - Ribbit!
Orders for allies: a - Attack new target. p - Attack previous target. r - Retreat! s - Stop attacking. g - Guard the area. f - Follow me.
Anything else - Cancel.
Gang up on whom?
Press: ? - help, Dir - move target cursor, f/p - Gastronok
Aim: Gastronok, wearing a +2 hat of intelligence (heavily wounded) Attack!
Your white imp disappears in a puff of smoke!
Gastronok waves his eye-stalks in wide circles.
The air twists around and strikes you!
You die...
Kikubaaqudgha rasps: "You have failed me!
Welcome... death!"

#..$.#..#.#.w.......≈≈≈♣#
##....#.#.....#....≈≈≈PP#
.#...##............≈≈♣♣##
.#...##...#.#...#.#♣♣♣
##..........#5...§♣#
##...#....P........##
##...#P...P........P#
...#.##.#.....#...###
.....##.#...P.#5@..#
P..#....#..........##
P#......#..........P#
##.P....#..........##
#....>.............#
...#......P........#
.....#....#.......#.#
#..#.##.#..........##
##.#.##.#.#.#.#..<.#


You could see Gastronok and 2 friendly crimson imps.

Vanquished Creatures
  A hydra (Lair:3)
  Fannar (D:10)
  Erica (D:8)
  Nergalle (Lair:1)
  Sonja (D:10)
  2 ugly things
  Maurice (D:9)
  Joseph (D:8)
  A spiny frog (D:11)
  A rime drake (Lair:2)
  6 komodo dragons
  2 trolls (D:11)
  4 hippogriffs
  4 blink frogs (Lair:2)
  24 yaks
  A hungry ghost (D:7)
  Edmund (D:6)
  A soldier ant (D:11)
  6 water moccasins
  6 porcupines
  An ice beast (D:8)
  A necrophage (D:11)
  3 sky beasts
  2 eyes of draining
  An ogre (D:10)
  3 phantoms
  9 centaurs
  3 crocodiles
  4 big kobolds
  8 bullfrogs
  4 scorpions
  13 killer bees
  An electric eel (Lair:2)
  4 crimson imps
  A bullfrog zombie (D:9)
  A bullfrog skeleton (D:6)
  2 hounds
  4 orc priests
  3 centaur skeletons
  An iguana (D:11)
  2 orc wizards
  3 worker ants
  2 hound skeletons
  A hound zombie (D:9)
  7 adders
  A shadow imp (D:11)
  2 oozes
  A worm (D:6)
  3 dart slugs
  2 leopard geckos
  22 orcs
  2 giant cockroaches
  2 goblins
  5 hobgoblins
  2 jackals (D:11)
  A quokka (D:2)
  5 bats
  8 frilled lizards
  11 kobolds
  A leopard gecko zombie (D:9)
  4 rats
222 creatures vanquished.

Vanquished Creatures (collateral kills)
  A hydra (Lair:3)
  A two-headed ogre (D:9)
  An ugly thing (D:11)
  A spiny frog (Lair:2)
  A komodo dragon (D:11)
  3 yaks
  Menkaure (D:6)
  A hungry ghost (D:11)
  A porcupine (D:10)
  3 ice beasts
  2 orc warriors
  A sky beast (D:9)
  2 ogres
  2 black bears
  2 phantoms
  2 crocodiles
  6 bullfrogs
  A scorpion (D:7)
  2 crimson imps
  3 orc wizards
  An iguana (D:7)
  3 worker ants
  7 adders
  A worm (D:2)
  3 leopard geckos
  8 orcs
  A goblin (D:2)
  3 jackals (D:4)
  2 kobolds (D:9)
  A ball python (D:2)
  A frilled lizard (D:2)
  A leopard gecko zombie (D:8)
  2 fungi (D:11)
71 creatures vanquished.

Vanquished Creatures (others)
  A sky beast (D:11)
  A bullfrog (D:8)
  A quokka (D:5)
  18 fungi
  6 plants
27 creatures vanquished.

Grand Total: 320 creatures vanquished

Notes
Turn   | Place    | Note
-------+----------+-------------------------------------------
     0 | D:1      | FROGBOI the Barachi Wizard began the quest for the Orb.
     0 | D:1      | Reached XP level 1. HP: 13/13 MP: 4/4
   179 | D:1      | Reached XP level 2. HP: 12/20 MP: 0/6
   438 | D:1      | Reached skill level 1 in Fighting
   530 | D:2      | Learned a level 2 spell: Call Imp
   534 | D:2      | Learned a level 2 spell: Blink
   608 | D:2      | Reached XP level 3. HP: 26/26 MP: 0/8
   884 | D:2      | Found a sacrificial altar of Ru.
   924 | D:2      | Reached XP level 4. HP: 24/33 MP: 0/10
  1074 | D:2      | Found a radiant altar of Vehumet.
  1094 | D:2      | Found a shadowy altar of Dithmenos.
  1128 | D:2      | Found a stormy altar of Qazlal.
  1181 | D:3      | Found a hide-covered altar of Uskayaw.
  1188 | D:3      | Noticed a +0 hand axe
  1189 | D:3      | Noticed a +0 dagger
  1389 | D:5      | Entered Level 5 of the Dungeon
  1660 | D:5      | Reached skill level 2 in Fighting
  1663 | D:5      | Reached XP level 5. HP: 38/38 MP: 1/11
  1844 | D:5      | Found Neheugiog's Armour Shop.
  1848 | D:5      | Noticed an ice beast
  1934 | D:5      | Noticed a big kobold
  1988 | D:5      | Killed a big kobold
  2082 | D:5      | Noticed an ogre
  2137 | D:4      | Reached XP level 6. HP: 32/46 MP: 0/13
  2210 | D:5      | Killed an ice beast
  2351 | D:6      | Found an opulent altar of Gozag.
  2369 | D:6      | Learned a level 3 spell: Mephitic Cloud
  2386 | D:6      | Reached skill level 5 in Spellcasting
  2657 | D:6      | Reached skill level 3 in Fighting
  2693 | D:6      | Noticed Edmund
  2729 | D:6      | Noticed Eustachio
  2828 | D:6      | Noticed Menkaure
  2841 | D:6      | Killed Menkaure
  2841 | D:6      | Reached skill level 1 in Air Magic
  2841 | D:6      | Reached skill level 1 in Poison Magic
  2841 | D:6      | Reached XP level 7. HP: 16/52 MP: 6/15
  2942 | D:6      | Found a staircase to the Ecumenical Temple.
  2998 | Temple   | Entered the Ecumenical Temple
  3448 | D:7      | Found a shattered altar of Ashenzari.
  3472 | D:7      | Noticed a hungry ghost
  3496 | D:7      | Killed a hungry ghost
  3513 | D:7      | Reached skill level 4 in Fighting
  3784 | D:8      | Reached XP level 8. HP: 59/61 MP: 0/17
  3833 | D:8      | Noticed a troll
  3834 | D:8      | Noticed a meliai
  3844 | D:8      | Noticed Joseph
  4045 | D:6      | Killed Edmund
  4078 | D:5      | Bought a +0 pair of boots of running for 346 gold pieces
  4165 | Temple   | Became a worshipper of Kikubaaqudgha
  4221 | D:8      | Noticed Erica
  4417 | D:7      | Reached skill level 1 in Long Blades
  4679 | D:7      | Found an ornate altar of the Wu Jian Council.
  4731 | D:7      | Reached skill level 5 in Fighting
  4804 | D:8      | Found an iron altar of Okawaru.
  5174 | D:8      | Noticed a two-headed ogre
  5363 | D:8      | Killed Joseph
  5363 | D:8      | Reached skill level 6 in Fighting
  5363 | D:8      | Reached XP level 9. HP: 38/70 MP: 3/19
  5395 | D:8      | Found a transporter.
  5395 | D:8      | Noticed a moth of wrath
  5411 | D:8      | Found a bloodstained altar of Trog.
  5411 | D:8      | Noticed bosakos's ghost (novice GnSk)
  5421 | D:8      | Found a transporter.
  5601 | D:9      | Noticed an obsidian statue
  5676 | D:9      | Reached * piety under Kikubaaqudgha
  5676 | D:9      | Identified Kikubaaqudgha's Almanac of Darkness
                  | (Kikubaaqudgha gifted it to you on level 9 of the Dungeon)
  5676 | D:9      | Received a gift from Kikubaaqudgha
  5680 | D:9      | Learned a level 1 spell: Animate Skeleton
  5683 | D:9      | Learned a level 2 spell: Sublimation of Blood
  5749 | D:9      | Reached skill level 5 in Dodging
  5799 | D:9      | Reached skill level 1 in Armour
  5868 | D:9      | Found a snail-covered altar of Cheibriados.
  5923 | D:9      | Reached skill level 5 in Long Blades
  5923 | D:9      | Reached skill level 1 in Necromancy
  5924 | D:9      | Reached skill level 7 in Fighting
  5977 | D:9      | Noticed Maurice
  6032 | D:10     | Entered Level 10 of the Dungeon
  6085 | D:10     | Noticed Fannar
  6350 | D:9      | Killed Maurice
  6350 | D:9      | Reached ** piety under Kikubaaqudgha
  6590 | D:10     | Noticed Sonja
  6631 | D:10     | Killed Sonja
  6631 | D:10     | Reached XP level 10. HP: 72/80 MP: 5/20
  6698 | D:10     | Killed Fannar
  6698 | D:10     | Reached skill level 8 in Fighting
  7210 | D:11     | Found a staircase to the Lair.
  7213 | D:11     | Noticed a purple ugly thing
  7245 | D:10     | Killed a brown ugly thing
  7325 | D:11     | Reached skill level 5 in Armour
  7362 | D:11     | Reached XP level 11. HP: 76/87 MP: 21/21
  7380 | D:11     | Noticed a four-headed hydra
  7381 | D:11     | Noticed a cyan ugly thing
  7591 | D:11     | Reached *** piety under Kikubaaqudgha
  7591 | D:11     | Identified Kikubaaqudgha's Collected Works on Evil Magic
                  | (Kikubaaqudgha gifted it to you on level 11 of the Dungeon)
  7591 | D:11     | Received a gift from Kikubaaqudgha
  7597 | D:11     | Reached skill level 9 in Fighting
  7600 | D:11     | Noticed a two-headed ogre
  7661 | D:10     | Learned a level 5 spell: Borgnjor's Vile Clutch
  7755 | D:11     | Found a runed translucent door.
  7755 | D:11     | Noticed a sixfirhy
  7769 | D:11     | Noticed a brown ugly thing
  7791 | D:11     | Killed a brown ugly thing
  7897 | D:11     | Reached skill level 1 in Earth Magic
  8117 | D:11     | HP: 3/89 [something (6)]
  8529 | D:11     | Found a staircase to the Orcish Mines.
  8586 | D:11     | Killed a cyan ugly thing
  8605 | Lair:1   | Entered Level 1 of the Lair of Beasts
  9412 | D:8      | Killed Erica
  9412 | D:8      | Reached skill level 5 in Necromancy
  9613 | D:8      | Reached **** piety under Kikubaaqudgha
  9653 | D:9      | Killed a two-headed ogre
  9718 | Lair:1   | Reached skill level 10 in Fighting
  9806 | Lair:1   | Reached XP level 12. HP: 69/97 MP: 10/22
  9991 | Lair:3   | Noticed a six-headed hydra
 10235 | Lair:1   | Got a pair of transparent gloves
 10264 | Lair:1   | Identified the +2 pair of gloves of the Well-Known Planets
                  | {rElec rPois Str-5 Stlth-} (You found it on level 1 of the
                  | Lair of Beasts)
 10424 | Lair:1   | Noticed Nergalle
 10430 | Lair:1   | Killed Nergalle
 10495 | Lair:2   | Found a glowing golden altar of the Shining One.
 10734 | Lair:2   | Reached skill level 5 in Earth Magic
 10811 | Lair:3   | Noticed a four-headed hydra
 10827 | Lair:3   | Killed a one-headed hydra
 10842 | Lair:3   | Killed a three-headed hydra
 10975 | Lair:3   | Noticed Gastronok
 10984 | Lair:3   | Reached skill level 11 in Fighting
 11025 | Lair:3   | Killed from afar by Gastronok

Levels and vault maps discovered:
D:1:      denvon_arrival_hothouse, layout_basic
D:2:      cheibrodos_greedy_goblins, layout_loops_ring, grunt_qazlal_sundering,
          vehumet_crystals, nicolae_ru_great_annihilating_truth,
          grunt_dithmenos_smoke_and_mirrors
D:3:      layout_rooms, dancing_weapons_uskayaw,
          chequers_ecumenical_altar_island, uniq_jessica
D:4:      layout_basic, first_ration
D:5:      layout_basic, serial_shops, nicolae_shop_behind_doors,
          lemuel_flamethrower_1
D:6:      layout_loops_ring, kennysheep_mini, kennysheep_mini_moat,
          minmay_temple_entry_from_below_b, uniq_eustachio, uniq_edmund,
          uniq_menkaure
D:7:      layout_loops_cross, marbit_many_paths, evilmike_ruin_ashenzari
D:8:      layout_rooms, okawaru_metal_pillars_1_2,
          gammafunk_ghost_wrathful_warriors, minivault_12, uniq_joseph,
          uniq_erica
D:9:      layout_roguey, lemuel_crystal_altar, minivault_15, uniq_maurice
D:10:     layout_stronghold, uniq_sonja, uniq_fannar
D:11:     cheibrodos_shockbox, layout_irregular_city,
          due_lair_maze_entry_diamond, orc_0_dummy
Temple:   minmay_temple_forest_path
Lair:1:   layout_loops_ring, chequers_serial_rivers_micro_d,
          beast_lair_carwin_5, serial_bayou_shore_b,
          infiniplex_staircase_pool_2, uniq_nergalle
Lair:2:   layout_big_grid, nicolae_spider_entry_orb_guardian, basic_altar,
          grunt_megastairs_5, serial_bayou_shore_a
Lair:3:   layout_long_grid, minmay_shoals_entry_beasts, minivault_27,
          grunt_megastairs_4, serial_bayou_shore_b, uniq_gastronok

Skill      XL: |  1  2  3  4  5  6  7  8  9 10 11 12 |
---------------+-------------------------------------+-----
Fighting       | 1 2 3 4 6 7 8 10 11 | 11.0
Conjurations   | 2 3 4 |  4.0
Spellcasting   | 4 5 6 7 8 |  8.2
Summonings     | 2 3 4 |  4.0
Air Magic      | 1 2 3 4 |  4.0
Poison Magic   | 1 2 4 |  4.0
Long Blades    | 4 6 7 8 9 |  9.9
Dodging        | 4 6 7 8 |  8.0
Armour         | 3 5 7 |  7.0
Necromancy     | 2 3 5 6 |  6.4
Translocations | 2 3 |  3.0
Earth Magic    | 3 5 |  5.3
Stealth        | |  1.7

Action                   |  1- 3 |  4- 6 |  7- 9 | 10-12 || total
-------------------------+-------+-------+-------+-------++-------
Melee: Unarmed           |    22 |     2 |       |       ||    24
       Falchion          |       |       |   119 |   553 ||   672
       Scimitar          |       |       |       |    10 ||    10
 Cast: Magic Dart        |    61 |    82 |   125 |   149 ||   417
       Call Imp          |     9 |    46 |   115 |    37 ||   207
       Blink             |       |     1 |     1 |     4 ||     6
       Mephitic Cloud    |       |       |    20 |    44 ||    64
       Animate Skeleton  |       |       |     3 |    28 ||    31
 Abil: Hop               |     1 |     1 |     5 |     5 ||    12
Evoke: Wand              |       |       |     1 |     6 ||     7
  Use: Scroll            |       |     6 |     9 |     5 ||    20
       Potion            |       |       |       |     1 ||     1
 Stab: Confused          |       |       |     8 |    28 ||    36
       Distracted        |       |       |       |     1 ||     1
       Sleeping          |       |       |       |     1 ||     1
  Eat: Chunk             |       |     8 |     6 |    14 ||    28
       Ration            |       |       |     3 |     1 ||     4
Armor: Robe              |    11 |     2 |    24 |       ||    37
       Ring mail         |       |       |    12 |   268 ||   280
Dodge: Dodged            |    35 |    18 |   109 |   297 ||   459
       Rpst.: Falchion   |       |     2 |    27 |    76 ||   105
       Scimitar          |       |       |       |     1 ||     1

Table legend:
 A = Non-vault XP
 B = Vault XP
 C = Vault XP percentage of total XP
 D = Non-vault monster count
 E = Vault monster count
 F = Vault count percentage of total count
                 A         B        C        D         E       F
            +---------+---------+-------+---------+---------+-------
      Total |   21252 |    7491 |  26.1 |     262 |      30 |  10.3
            +---------+---------+-------+---------+---------+-------
        D:1 |      26 |       0 |   0.0 |      14 |       0 |   0.0
        D:2 |      49 |      29 |  37.2 |      18 |       4 |  18.2
        D:3 |      16 |       0 |   0.0 |       7 |       0 |   0.0
        D:4 |      93 |       0 |   0.0 |       9 |       0 |   0.0
        D:5 |     209 |       0 |   0.0 |      14 |       0 |   0.0
        D:6 |     176 |     184 |  51.1 |      10 |       2 |  16.7
        D:7 |     785 |      88 |  10.1 |      21 |       1 |   4.5
        D:8 |     737 |    1244 |  62.8 |      16 |       2 |  11.1
        D:9 |    1482 |     348 |  19.0 |      34 |       1 |   2.9
       D:10 |    2283 |    2518 |  52.4 |      33 |       9 |  21.4
       D:11 |    5423 |     961 |  15.1 |      40 |       5 |  11.1
     Lair:1 |    4647 |    1734 |  27.2 |      24 |       5 |  17.2
     Lair:2 |    2835 |     385 |  12.0 |      15 |       1 |   6.2
     Lair:3 |    2491 |       0 |   0.0 |       7 |       0 |   0.0
            +---------+---------+-------+---------+---------+-------
